 Dungeon Crawl Stone Soup version 0.25-b1-29-g4cfa5c7 (webtiles) character file.

Game seed: 7006923389473764714, levelgen mode: deterministic

24 Dorkslayer the Skirmisher (level 2, 0/24 HPs)
             Began as a Demonspawn Abyssal Knight on May 31, 2020.
             Was a Follower of Lugonu.
             Slain by a hobgoblin
             ... wielding a +0 club
              (1 damage)
             ... on level 1 of the Dungeon.
             The game lasted 00:01:49 (577 turns).

Dorkslayer the Skirmisher (DsAK)                     Turns: 577, Time: 00:01:49

Health: 0/24       AC:  3    Str: 12    XL:     2   Next: 79%
Magic:  4/4        EV: 11    Int: 13    God:    Lugonu [*.....]
Gold:   31         SH:  0    Dex: 12    Spells: 1/1 levels left

rFire    . . .     SeeInvis .   a - +1 hand axe
rCold    . . .     Gourm    .   (no shield)
rNeg     . . .     Faith    .   b - +0 leather armour
rPois    .         Spirit   .   (no helmet)
rElec    .         Reflect  .   (no cloak)
rCorr    .         Harm     .   (no gloves)
MR       .....                  (no boots)
Stlth    +.........             (no amulet)
HPRegen  0.08/turn              (no ring)
MPRegen  0.09/turn              (no ring)

@: no status effects
A: claws 1
a: Depart the Abyss, Renounce Religion


You were on level 1 of the Dungeon.
You worshipped Lugonu.
Lugonu was aware of your devotion.
You were not hungry.

You visited 1 branch of the dungeon, and saw 1 of its levels.
You visited the Abyss 1 time.

You collected 31 gold pieces.

Inventory:

Hand Weapons
 a - a +1 hand axe (weapon)
Armour
 b - a +0 leather armour (worn)
Potions
 e - a potion of stabbing {unknown}
 f - 2 potions of ambrosia {unknown}
 g - a potion of resistance {unknown}
 h - a potion of might {unknown}
 i - a potion of magic {unknown}
 j - a potion of degeneration {unknown}
Comestibles
 c - 2 rations
 d - 5 chunks of flesh


   Skills:
 + Level 3.5 Fighting
 + Level 2.2 Axes
 + Level 1.9 Armour
 + Level 1.0 Dodging
 + Level 2.7 Invocations


You had one spell level left.
You didn't know any spells.
Your spell library was empty.

Dungeon Overview and Level Annotations

Branches:
Dungeon (1/15)

Altars:


Innate Abilities, Weirdness & Mutations

You have sharp fingernails.


Message History

You closely miss the rat. The rat bites you.
You barely miss the rat. The rat bites you but does no damage.
You barely miss the rat. The rat bites you.
* * * LOW HITPOINT WARNING * * *
You barely miss the rat. The rat barely misses you. x2
You hit the rat.
You kill the rat!
Lugonu accepts your kill.
i - a pink potion
j - a golden potion A hobgoblin comes into view.
It is wielding a +0 club.
The hobgoblin shouts!
A giant cockroach comes into view.
The giant cockroach bites you but does no damage.
The hobgoblin hits you with a +0 club.
* * * LOW HITPOINT WARNING * * *
The giant cockroach bites you.
* * * LOW HITPOINT WARNING * * *
The hobgoblin hits you with a +0 club.
You die...

...# #....# ...#
##....### ...# #.......#
# ...# #.......# .. ...#
#.......# ... ...#
#.......#####.... ...#
#................
...#####........s.......
.............#.g@.......
....########.#..........
....########.#..........
....).#.................
....#..........#+#+##+#.
....#..........#
....#.....)....
....#..........
....#........


You could see a giant cockroach and a hobgoblin.

Vanquished Creatures
  An ooze (D:1)
  A leopard gecko (D:1)
  A ball python (D:1)
  A giant cockroach (D:1)
  2 goblins (D:1)
  6 hobgoblins (D:1)
  2 kobolds (D:1)
  A frilled lizard (D:1)
  A rat (D:1)
16 creatures vanquished.

Notes
Turn   | Place    | Note
-------+----------+-------------------------------------------
     0 | Abyss:1  | Dorkslayer the Demonspawn Abyssal Knight began the quest
                  | for the Orb.
     0 | Abyss:1  | Reached XP level 1. HP: 18/18 MP: 2/2
    49 | Abyss:1  | Noticed a ynoxinul
    51 | D:1      | Escaped the Abyss
   116 | D:1      | Reached * piety under Lugonu
   124 | D:1      | Gained mutation: You have sharp fingernails. [demonic
                  | ancestry]
   124 | D:1      | Reached XP level 2. HP: 11/24 MP: 4/4
   377 | D:1      | Reached skill level 1 in Dodging
   577 | D:1      | HP: 1/24 [giant cockroach (1)]
   577 | D:1      | Slain by a hobgoblin

Illustrated notes

Levels and vault maps discovered:
D:1:      noname_arrival_rooms_in_the_neighbourhood, layout_basic

Skill      XL: |  1  2 |
---------------+-------+-----
Axes           | 2 |  2.2
Dodging        | 1 |  1.0
Fighting       | |  3.5
Armour         | |  1.9
Invocations    | |  2.7

Action                   || total
-------------------------++-------
Melee: Hand axe          ||    55
Invok: Depart the Abyss  ||     1
Armor: Leather armour    ||    18
Dodge: Dodged            ||    24
